 Dungeon Crawl Stone Soup version 0.18-a0-5-gf1fb587 (webtiles) character file.

47 Kolbur the Chiller (level 3, 0/24 HPs)
             Began as a Merfolk Ice Elementalist on Oct 31, 2015.
             Succumbed to a kobold's poison
             ... on level 3 of the Dungeon.
             The game lasted 00:10:50 (569 turns).

Kolbur the Chiller (Merfolk Ice Elementalist)        Turns: 569, Time: 00:10:51

Health: 0/24       AC:  2    Str:  8    XL:     3   Next: 70%
Magic:  5/6        EV: 13    Int: 20    God:
Gold:   55         SH:  0    Dex: 14    Spells: 2 memorised, 2 levels left

rFire  . . .     SeeInvis .     d - -1 short sword (curse)
rCold  . . .     Clarity  .     a - +0 robe
rNeg   . . .     SustAt   .     (no shield)
rPois  .         Gourm    .     (no helmet)
rElec  .         Spirit   .     (no cloak)
rCorr  .         Warding  .     (no gloves)
rMut   .         Stasis   .     (no boots)
MR     .....                    (no amulet)
Stlth  ++........               (no ring)
                                (no ring)

@: brilliant, lethally poisoned (0 -> -7), not resistant to hostile
enchantments, unstealthy
A: change form in water, swift swim
a: no special abilities


You were on level 3 of the Dungeon.
You were not hungry.

You visited 1 branch of the dungeon, and saw 5 of its levels.

You collected 55 gold pieces.

Inventory:

Hand Weapons
 d - a cursed -1 short sword (weapon)
Missiles
 e - 2 tomahawks
 f - 19 stones (quivered)
Armour
 a - a +0 robe (worn)
Scrolls
 g - 2 scrolls of amnesia {unknown}
 k - a scroll of identify {unknown}
Books
 b - a book of Frost

   Spells                             Type                      Level
   a - Freeze                         Ice                          1
   b - Throw Frost                    Conjuration/Ice              2
   c - Ozocubu's Armour               Charms/Ice                   3
   d - Throw Icicle                   Conjuration/Ice              4
   e - Summon Ice Beast               Ice/Summoning                4
   f - Condensation Shield            Ice                          4
Comestibles
 c - a bread ration
 l - a beef jerky


   Skills:
 + Level 0.0 Fighting
 + Level 2.8 Dodging
 - Level 2.1 Stealth
 - Level 2.0 Spellcasting
   Level 0.7 Conjurations
 + Level 0.0 Charms
 - Level 5.0 Ice Magic


You had 2 spell levels left.
You knew the following spells:

 Your Spells              Type           Power        Failure   Level  Hunger
a - Freeze                Ice            ####         1%          1    #......
o - Ozocubu's Armour      Chrm/Ice       ###.....     2%          3    ###....


Dungeon Overview and Level Annotations

Branches:
Dungeon (5/15)
 Temple: D:4-7

Altars:
Cheibriados

Annotations:
D:3 exclusion: ogre


Message History

You kill the kobold!
You feel sick. The bat completely misses you. The bat barely misses you.
A kobold comes into view. It is wielding a whip.
Drink which item? (? for menu, Esc to quit)
It was a potion of cancellation.
Your magical effects are unravelling.
Your magical contamination has completely faded away.
You feel magically purged.
You flicker back into view.
The bat misses you. x2
The goblin shoots a stone.
The stone hits you.
* * * LOW HITPOINT WARNING * * *
Drink which item? (? for menu, Esc to quit)
It was a potion of brilliance.
You feel clever all of a sudden.
* * * LOW HITPOINT WARNING * * *
You feel sick. The bat closely misses you. The bat misses you.
The goblin shoots a stone.
The stone hits you.
* * * LOW HITPOINT WARNING * * *
You die...

#.##.#.# #.# #.##.#.#
#.# #..#.#.###.###
#.#..........#
.###...#.#.#.####### #
#.##..#...........
......###.#..#####
#.......#..#..#######
.%....#.#.###@.b.....#
.........#b#
##(.g###...
#.#......###...(.b).#
.. #... #.#######.# ##
#.. ###.# #K.. ....#
#.. ....# #. .....


You could see a goblin, 2 bats and a kobold (wandering).

Vanquished Creatures
  A hound (D:3)
  2 orcs (D:3)
  3 bats
  A giant cockroach (D:3)
  A goblin (D:2)
  3 hobgoblins
  2 kobolds
  A giant cockroach zombie (D:5)
  A giant gecko zombie (D:5)
  2 giant newts
  2 rats (D:3)
19 creatures vanquished.

Notes
Turn   | Place    | Note
--------------------------------------------------------------
     0 | D:1      | Kolbur the Merfolk Ice Elementalist began the quest for the Orb.
     0 | D:1      | Reached XP level 1. HP: 13/13 MP: 3/3
   145 | D:2      | Reached XP level 2. HP: 19/19 MP: 5/5
   192 | D:3      | Reached skill level 4 in Ice Magic
   259 | D:3      | Noticed an ogre
   388 | D:3      | You fall through a shaft for 2 floors!
   388 | D:5      | Entered Level 5 of the Dungeon
   409 | D:5      | Noticed a centaur
   421 | D:5      | Noticed a scorpion
   429 | D:5      | Found a snail-covered altar of Cheibriados.
   433 | D:5      | Noticed a wyvern
   474 | D:3      | Reached skill level 5 in Ice Magic
   474 | D:3      | Reached XP level 3. HP: 10/24 MP: 0/6
   479 | D:3      | Learned a level 3 spell: Ozocubu's Armour
   568 | D:3      | HP: 1/24 [goblin/stone (3)]
   569 | D:3      | Succumbed to a kobold's poison

Vault maps used:
D:1:      roderic_crossed_star
D:2:      vehumet_crystals, nicolae_qazlal_general_emergency
D:3:      nicolae_ru_awakened_eye, portal_sewer_entry_e, minmay_fountain_box
D:4:      grunt_temple_overflow_open, serial_shops, shop, cheibrodos_gnoll_hut,
          uniq_sigmund
D:5:      basic_altar, first_bread, kb_lookout_dungeons_type,
          minmay_misc_feat_room

Action                   || total
-------------------------++-------
Melee: Short sword       ||    24
Throw: Tomahawk          ||     5
       Stone             ||     1
 Cast: Freeze            ||    20
  Use: Potion            ||     3
 Stab: Sleeping          ||     7

Vault maps used:
D:1:      roderic_crossed_star
D:2:      vehumet_crystals, nicolae_qazlal_general_emergency
D:3:      nicolae_ru_awakened_eye, portal_sewer_entry_e, minmay_fountain_box
D:4:      grunt_temple_overflow_open, serial_shops, shop, cheibrodos_gnoll_hut,
          uniq_sigmund
D:5:      basic_altar, first_bread, kb_lookout_dungeons_type,
          minmay_misc_feat_room

Table legend:
 A = Turns spent in this place as a percentage of turns spent in the entire game.
 B = Non-inter-level travel turns spent in this place as a percentage of non-inter-level travel turns spent in the entire game.
 C = Inter-level travel turns spent in this place as a percentage of turns spent in this place.
 D = Turns resting spent in this place as a percentage of non-inter-level travel turns spent in this place.
 E = Turns spent auto-exploring this place as a percentage of non-inter-level travel turns spent in this place.
 F = Non-inter-level travel turns spent in this place divided by the number of levels of this place that you've seen.
                   A       B       C       D       E      F
               +-------+-------+-------+-------+-------+----------------------
         Total | 100.0 | 100.0 |   0.0 |   0.0 |   0.0 | 111.6
       Dungeon | 100.0 | 100.0 |   0.0 |   0.0 |   0.0 | 111.6
               +-------+-------+-------+-------+-------+----------------------
